 Dungeon Crawl Stone Soup version 0.27-a0-59-gfbafd837a3 (webtiles) character file.

Game seed: 10228018748649791490

1997 hehateme the Quickloader (level 9, -1/56 HPs)
             Began as a Kobold Hunter on Jan 8, 2021.
             Was a High Priest of Uskayaw.
             Slain by a yak (14 damage)
             ... on level 8 of the Dungeon.
             The game lasted 00:12:36 (7610 turns).

hehateme the Quickloader (Kobold Hunter)            Turns: 7610, Time: 00:12:37

Health: -1/56      AC:  8    Str: 12    XL:     9   Next: 45%
Magic:  9/9        EV: 12    Int: 13    God:    Uskayaw [*****.]
Gold:   333        SH:  7    Dex: 15    Spells: 8/8 levels left

rFire    . . .     SeeInvis .   a - +2 hand crossbow
rCold    . . .     Faith    .   B - +0 kite shield
rNeg     . . .     Spirit   .   C - +0 scale mail
rPois    .         Reflect  .   p - +1 helmet
rElec    .         Harm     .   (no cloak)
rCorr    .         Rampage  .   (no gloves)
Will     .....                  (no boots)
Stlth    +.........             (no amulet)
HPRegen  0.18/turn              (no ring)
MPRegen  0.11/turn              (no ring)

@: no status effects
A: small, nightstalker 3
a: Renounce Religion, Stomp, Line Pass, Grand Finale


You were on level 8 of the Dungeon.
You worshipped Uskayaw.
Uskayaw was noncommittal.
You visited 1 branch of the dungeon, and saw 9 of its levels.

You collected 333 gold pieces.

Inventory:

Hand Weapons
 a - a +2 hand crossbow (weapon)
 b - a +0 short sword
 A - a +0 arbalest
Missiles
 d - 49 sling bullets
 e - 57 bolts (quivered ammo)
 o - 13 poisoned darts
 u - 171 stones
 v - 4 boomerangs
 w - 7 curare-tipped darts
 Q - 100 arrows
Armour
 c - a +0 leather armour
 p - a +1 helmet (worn)
 B - a +0 kite shield (worn)
 C - a +0 scale mail (worn)
Jewellery
 r - a cursed -4 ring of intelligence {unknown}
 y - a +6 ring of dexterity {unknown}
Wands
 D - a wand of digging (5)
Scrolls
 h - 8 scrolls of identify {unknown}
 i - a scroll of immolation {!r}
 l - 2 scrolls of blinking {!r}
 q - a scroll of enchant armour
 s - a scroll of fear {unknown}
 t - 3 scrolls of teleportation
Potions
 f - 5 potions of curing {unknown}
 g - a potion of haste {unknown}
 j - 2 potions of attraction {!q}
 k - a potion of experience {unknown}
 m - a potion of brilliance {unknown}
 n - 2 potions of ambrosia {unknown}
 x - 3 potions of invisibility {unknown}
 z - a potion of berserk rage {unknown}
 E - a potion of might {unknown}
 F - a potion of lignification {unknown}
 G - a potion of degeneration {unknown}


   Skills:
 + Level 6.8 Fighting
 * Level 10.9 Crossbows
 + Level 7.4 Dodging
 - Level 1.3 Stealth


You had 8 spell levels left.
You didn't know any spells.
Your spell library contained the following spells:

 Spells                   Type           Power        Failure   Level
 Magic Dart               Conj           0%           100%        1
 Summon Small Mammal      Summ           0%           100%        1
 Call Imp                 Summ           0%           100%        2
 Searing Ray              Conj           0%           100%        2
 Call Canine Familiar     Summ           0%           100%        3
 Dazzling Flash           Conj/Hex       0%           100%        3
 Summon Guardian Golem    Hex/Summ       0%           100%        3
 Fulminant Prism          Conj/Hex       0%           100%        4
 Iskenderun's Mystic Bla  Conj/Tloc      0%           100%        4
 Summon Ice Beast         Ice/Summ       0%           100%        4
 Summon Lightning Spire   Summ/Air       0%           100%        4


Dungeon Overview and Level Annotations

Branches:
Dungeon (9/15)             Temple (0/1) D:5
   Lair: D:8-11         Orc: D:9-12

Altars:
Hepliaklqana
Nemelex Xobeh
Uskayaw
Zin

Annotations:
D:2 Terence
D:4 3 runed translucent doors, lessens's ghost, amateur DrMo


Innate Abilities, Weirdness & Mutations

You are small and have problems with some larger weapons.
You are completely attuned to the shadows.


Message History

You take 11 damage, and have 33/56 hp.
Fire: 60 bolts
Aim: a yak (severely wounded)
You shoot a bolt. The bolt barely misses the yak.
You block the yak's attack.
Fire: 59 bolts
Aim: a yak (severely wounded)
You shoot a bolt. The bolt hits the yak!
The yak barely misses you. The yak gores you.
* * * LOW HITPOINT WARNING * * *
You can now merge with and destroy a victim.
You take 6 damage, and have 27/56 hp.
Fire: 58 bolts
Aim: a yak (almost dead)
You shoot a bolt.
The bolt hits the yak but does no damage.
The yak gores you!
* * * LOW HITPOINT WARNING * * *
The yak gores you!
You die...

# #....# # #....#
####....#####
......###...#
......#.....#.....(..
......#.....#....(...
......#.....#...(.(..
......##..###....)...
.......#..#.....@#
.......#..#....YY#.
.......#..'......(..
.......#..#......#(.
.......#'##......###
'#####.........###
..#..'.....<...'
..+..#.......
.#####.......

Skill      XL: |  1  2  3  4  5  6  7  8  9 |
---------------+----------------------------+-----
Crossbows      | 5 6 7 8 10 | 10.9
Dodging        | 3 4 5 6 7 |  7.4
Fighting       | 3 4 5 6 |  6.8
Stealth        | |  1.3

Notes
Turn   | Place    | Note
-------+----------+-------------------------------------------
     0 | D:1      | hehateme the Kobold Hunter began the quest for the Orb.
     0 | D:1      | Reached XP level 1. HP: 12/12 MP: 1/1
    62 | D:1      | Reached skill level 5 in Crossbows
   111 | D:1      | Reached XP level 2. HP: 17/18 MP: 2/2
   562 | D:2      | Reached XP level 3. HP: 22/22 MP: 3/3
   619 | D:2      | Reached skill level 3 in Dodging
   987 | D:2      | Noticed Terence
  1366 | D:3      | Reached XP level 4. HP: 15/27 MP: 4/4
  1677 | D:3      | Reached skill level 3 in Fighting
  1829 | D:3      | Reached skill level 6 in Crossbows
  2293 | D:4      | Found a runed translucent gate.
  2294 | D:4      | Found a runed translucent gate.
  2302 | D:4      | Noticed lessens's ghost (amateur DrMo)
  2325 | D:4      | Reached XP level 5. HP: 30/32 MP: 5/5
  2369 | D:4      | Reached skill level 4 in Dodging
  2369 | D:4      | Reached XP level 6. HP: 19/38 MP: 6/6
  2826 | D:4      | Reached skill level 7 in Crossbows
  3008 | D:4      | Found a hide-covered altar of Uskayaw.
  3012 | D:4      | Became a worshipper of Uskayaw the Reveller
  3016 | D:4      | Found a hazy altar of Hepliaklqana.
  3019 | D:4      | Found a sparkling altar of Nemelex Xobeh.
  3052 | D:4      | Found a runed translucent gate.
  3090 | D:4      | Reached skill level 4 in Fighting
  3096 | D:4      | Reached * piety under Uskayaw
  3101 | D:4      | Reached ** piety under Uskayaw
  3110 | D:3      | HP: 9/38 [poisoned by a scorpion]
  3116 | D:3      | HP: 5/38 [poisoned by a scorpion]
  3121 | D:3      | HP: 4/38 [poisoned by a scorpion]
  3128 | D:3      | HP: 3/38 [poisoned by a scorpion]
  3136 | D:3      | HP: 2/38 [poisoned by a scorpion]
  3633 | D:5      | Entered Level 5 of the Dungeon
  3644 | D:5      | Reached *** piety under Uskayaw
  3649 | D:5      | Reached XP level 7. HP: 24/43 MP: 7/7
  3650 | D:5      | Reached **** piety under Uskayaw
  3695 | D:5      | HP: 10/43 [centaur/arrow (7)]
  4387 | D:5      | Reached skill level 8 in Crossbows
  4387 | D:5      | Reached skill level 5 in Dodging
  4972 | D:5      | Found a staircase to the Ecumenical Temple.
  5170 | D:5      | Reached skill level 5 in Fighting
  5170 | D:5      | Reached XP level 8. HP: 49/49 MP: 8/8
  5380 | D:5      | Found a glowing silver altar of Zin.
  6077 | D:6      | You fall into a shaft and drop 3 floors!
  6091 | D:9      | Reached skill level 9 in Crossbows
  6097 | D:9      | HP: 6/48 [wight/+0 halberd (12)]
  6395 | D:9      | Reached skill level 6 in Dodging
  6861 | D:8      | Reached skill level 6 in Fighting
  6920 | D:8      | Reached skill level 10 in Crossbows
  6951 | D:8      | Reached XP level 9. HP: 52/55 MP: 9/9
  7513 | D:8      | Reached skill level 7 in Dodging
  7609 | D:8      | Reached ***** piety under Uskayaw
  7610 | D:8      | HP: 13/56 [yak (14)]
  7610 | D:8      | Slain by a yak

Table legend: (Time is in decaauts)
 A = Elapsed time spent in this place.
 B = Non-inter-level travel time spent in this place.
 C = Inter-level travel time spent in this place.
 D = Time resting spent in this place.
 E = Time spent auto-exploring this place.
 F = Levels seen in this place.
 G = Mean time per level.
                   A        B        C        D        E       F      G
               +--------+--------+--------+--------+--------+-----+--------+
         Total |   7681 |   7471 |    210 |   2432 |   4186 |   9 |  853.4 |
       Dungeon |   7681 |   7471 |    210 |   2432 |   4186 |   9 |  853.4 |
               +--------+--------+--------+--------+--------+-----+--------+

Top non-repeatable levels by time:
     D:4: 1611 daAuts
     D:3: 1510 daAuts
     D:5: 1282 daAuts
     D:8: 837 daAuts
     D:9: 705 daAuts
     D:6: 619 daAuts
     D:1: 564 daAuts
     D:2: 542 daAuts
     D:7: 7 daAuts

Table legend:
 A = Kills in this place as a percentage of kills in entire the game.
 B = Kills by you in this place as a percentage of kills by you in the entire game.
 C = Kills by friends in this place as a percentage of kills by friends in the entire game.
 D = Other kills in this place as a percentage of other kills in the entire game.
 E = Experience gained in this place as a percentage of experience gained in the entire game.
 F = Experience gained in this place divided by the number of levels of this place that you have seen.
                   A       B       C       D       E      F
               +-------+-------+-------+-------+-------+----------------------
         Total | 100.0 | 100.0 |   N/A |   N/A | 100.0 | 317.0
       Dungeon | 100.0 | 100.0 |   N/A |   N/A | 100.0 | 317.0
               +-------+-------+-------+-------+-------+----------------------

Action                   |  1- 3 |  4- 6 |  7- 9 || total
-------------------------+-------+-------+-------++-------
Melee: Short sword       |       |     7 |     1 ||     8
 Fire: Hand crossbow     |    71 |   116 |   221 ||   408
       Arbalest          |       |       |    10 ||    10
  Use: Scroll            |       |       |     7 ||     7
       Potion            |       |       |     1 ||     1
 Stab: Sleeping          |       |       |     1 ||     1
Armor: Leather armour    |     2 |     7 |     4 ||    13
       Scale mail        |       |       |    26 ||    26
Dodge: Dodged            |    26 |    32 |    97 ||   155
Block: Kite shield       |       |       |    42 ||    42

Vanquished Creatures
  2 yaks (D:8)
  A black bear (D:8)
  A phantom (D:8)
  3 ogres
  3 centaurs
  A bullfrog (D:8)
  3 scorpions
  2 killer bees (D:8)
  3 wights (D:9)
  2 bullfrog zombies
  2 orc priests (D:4)
  A hound (D:9)
  2 orc wizards
  4 worker ants
  A hound skeleton (D:8)
  A worker ant zombie (D:5)
  7 gnolls
  2 howler monkey skeletons (D:5)
  7 adders
  A shadow imp (D:6)
  A white imp (D:5)
  2 ufetubi (D:5)
  2 oozes
  2 adder skeletons
  An adder zombie (D:8)
  3 worms
  2 dart slugs
  4 leopard geckos
  23 orcs
  2 giant cockroaches
  4 hobgoblins
  2 jackals (D:4)
  4 quokkas
  7 bats
  10 frilled lizards
  7 goblins
  7 kobolds
  5 rats (D:3)
137 creatures vanquished. You could see 2 yaks.

Levels and vault maps discovered:
D:1:      grunt_arrival_crossed_arrows, layout_rooms, minmay_octomino_j4
D:2:      layout_rooms, lemuel_coloured_pillars_altar, uniq_terence
D:3:      layout_loops_cross
D:4:      layout_cave_pools, grunt_temple_overflow_diamond, enter_ossuary_5,
          gammafunk_ghost_split
D:5:      layout_basic, nicolae_overflow_hidden_temple,
          minmay_temple_entry_fiery
D:6:      layout_layer_cave, nrook_mini_vaults, minmay_starry_boxes
D:7:      layout_cave_pools, lemuel_doored_altar,
          hangedman_decor_clover_reticule, minmay_manual_monstrance
D:8:      layout_gridville, uniq_maggie
D:9:      layout_roguey, uniq_psyche
